 Dungeon Crawl Stone Soup version 0.27.1-3-gb3d3a73c9e (webtiles) character file.

Game seed: 7882129299508138227

110 raph the Stinger (level 4, 0/25 HPs)
             Began as a Deep Elf Venom Mage on Oct 28, 2021.
             Slain by an orc wizard (3 damage)
             ... on level 4 of the Dungeon.
             The game lasted 00:07:45 (4471 turns).

raph the Stinger (Deep Elf Venom Mage)              Turns: 4471, Time: 00:07:46

Health: 0/25       AC:  4    Str:  5    XL:     4   Next: 61%
Magic:  7/20       EV: 12    Int: 21    God:
Gold:   98         SH:  0    Dex: 15    Spells: 4/10 levels left

rFire    . . .     SeeInvis .   c - +0 short sword
rCold    . . .     Faith    .   (no shield)
rNeg     + . .     Spirit   .   e - +1 leather armour
rPois    .         Reflect  .   (no helmet)
rElec    .         Harm     .   (no cloak)
rCorr    .         Rampage  .   (no gloves)
Will     .....                  (no boots)
Stlth    ++........             (no amulet)
HPRegen  0.08/turn              k - ring of magical power
MPRegen  0.17/turn              m - ring of positive energy

@: no status effects
A: no striking features
a: no special abilities


You were on level 4 of the Dungeon.
You visited 1 branch of the dungeon, and saw 4 of its levels.

You collected 98 gold pieces.

Inventory:

Hand Weapons
 c - a +0 short sword (weapon)
Missiles
 g - 6 javelins
Armour
 a - a +0 robe
 e - a +1 leather armour (worn)
Magical Staves
 i - a staff of death
Jewellery
 d - a ring of ice
 k - a ring of magical power (left hand)
 m - a ring of positive energy (right hand)
Scrolls
 f - a scroll of teleportation
Potions
 b - a potion of berserk rage
 h - a potion of cancellation {unknown}
 j - a potion of attraction {unknown}
 l - a potion of curing {unknown}
 o - a potion of mutation


   Skills:
 + Level 1.3 Fighting
 + Level 3.4 Dodging
 - Level 2.4 Stealth
 + Level 3.9 Spellcasting
 - Level 1.1 Transmutations
 * Level 4.5 Poison Magic


You had 4 spell levels left.
You knew the following spells:

 Your Spells              Type           Power      Damage    Failure   Level
a - Sting                 Tmut/Pois      64%        1d6       6%          1
b - Poisonous Vapours     Pois/Air       26%        N/A       12%         2
c - Mephitic Cloud        Conj/Pois/Air  10%        N/A       32%         3

Your spell library contained the following spells:

 Spells                   Type           Power      Damage    Failure   Level
 Olgreb's Toxic Radiance  Pois           23%        N/A       30%         4


Dungeon Overview and Level Annotations

Branches:
Dungeon (4/15)
 Temple: D:4-7

Altars:


Message History

Press: ? - help, Q - select action, (/) - cycle Shift-Dir - straight line The sting hits the endoplasm.
The endoplasm is poisoned.
The endoplasm is moderately wounded.
The endoplasm hits you.
Aiming: Sting (safe; 6% risk of failure)
Press: ? - help, Q - select action, (/) - cycle Shift-Dir - straight line The sting hits the endoplasm.
The endoplasm partially resists.
The endoplasm is almost dead.
The endoplasm misses you.
You hit the endoplasm.
You kill the endoplasm!
Aiming: Sting (safe; 6% risk of failure)
Press: ? - help, Q - select action, (/) - cycle Shift-Dir - straight line, f - adder skeleton
Aim: an adder skeleton (heavily damaged, 81% to hit)
You miscast Sting.
You are very lightly contaminated with residual magic.
Nothing appears to happen.
Aiming: Sting (safe; 6% risk of failure)
Press: ? - help, Q - select action, (/) - cycle Shift-Dir - straight line, f/p - adder skeleton
Aim: an adder skeleton (heavily damaged, 81% to hit)
The sting hits the adder skeleton.
The adder skeleton partially resists.
The adder skeleton is severely damaged.
You hear some strange, mumbled words.
You are confused.
You're too confused to cast spells.
Unknown command.
You bump into the rock wall.
Something hits you.
You bump into the rock wall.
Something hits you.
You closely miss something.
Something hits you but does no damage. x2
You miss something.
You feel less confused. Something hits you.
Your magical contamination has completely faded away.
You closely miss something. Something hits you.
You miss something. Something hits you.
* * * LOW HITPOINT WARNING * * *
You hit something. Something hits you.
* * * LOW HITPOINT WARNING * * *
You miss something. Something hits you.
You die...

... #. #.##.......(.....
# ..##.##.##.#...........
......(........#+########
#..........#.#.#
........[..#.# #
##.#.#..##+#+#.#
####...#..#.......
..........+.......
##......@##.......
#....>..'Z!......
#.......##)......
#.......# .......
#.......# .......
##......# $..?...
##.....# ....... #######
....... .......


You could see an adder skeleton.

Vanquished Creatures
  An orc wizard (D:4)
  An adder (D:3)
  An adder skeleton (D:4)
  2 dart slugs
  A worm (D:1)
  2 orcs (D:4)
  3 ball pythons
  4 endoplasms
  4 giant cockroaches (D:3)
  2 goblins
  5 hobgoblins
  5 jackals
  3 kobolds
  5 quokkas
  8 bats
  4 frilled lizards
  9 rats
60 creatures vanquished.

Vanquished Creatures (others)
  5 plants (D:2)
5 creatures vanquished.

Grand Total: 65 creatures vanquished

Notes
Turn   | Place    | Note
-------+----------+-------------------------------------------
     0 | D:1      | raph the Deep Elf Venom Mage began the quest for the Orb.
     0 | D:1      | Reached XP level 1. HP: 10/10 MP: 6/6
   166 | D:1      | Reached XP level 2. HP: 3/16 MP: 4/8
   582 | D:1      | Learned a level 2 spell: Poisonous Vapours
  1551 | D:2      | Reached XP level 3. HP: 19/20 MP: 6/9
  1570 | D:2      | Learned a level 3 spell: Mephitic Cloud
  2275 | D:2      | Found a faded altar of an unknown god.
  2423 | D:2      | Reached skill level 4 in Poison Magic
  2597 | D:2      | Reached skill level 1 in Fighting
  3757 | D:3      | Reached XP level 4. HP: 25/25 MP: 11/11
  4471 | D:4      | Slain by an orc wizard

Illustrated notes

Levels and vault maps discovered:
D:1:      roderic_dead_forest, layout_basic, minmay_vboxes
D:2:      layout_rooms, serial_forest, infiniplex_forest_clump_long,
          infiniplex_forest_lined_1, infiniplex_forest_zigzag_1,
          infiniplex_forest_straight_3, infiniplex_forest_zigzag_1,
          infiniplex_forest_clump_long, infiniplex_forest_split,
          infiniplex_forest_clump_small, infiniplex_forest_clump_medium,
          basic_ecumenical_altar, serial_park_tiny_2, roderic_serpentine_path,
          moated_statue
D:3:      layout_basic, gup_sewer_entry_spiral, kennysheep_generic_room_6
D:4:      layout_basic, nzn_wu_jian_council_hall, kennysheep_pointless_box

Skill      XL: |  1  2  3 |
---------------+----------+-----
Dodging        | 3 |  3.4
Poison Magic   | 4 |  4.5
Fighting       | 1 |  1.3
Stealth        | |  2.4
Spellcasting   | |  3.9
Transmutations | |  1.1

Action                   |  1- 3 |  4- 6 || total
-------------------------+-------+-------++-------
Melee: Unarmed           |     5 |       ||     5
       Short sword       |    49 |    45 ||    94
 Cast: Sting             |    57 |    15 ||    72
       Poisonous Vapours |    30 |     6 ||    36
       Mephitic Cloud    |     1 |       ||     1
  Use: Scroll            |     6 |       ||     6
 Stab: Sleeping          |       |     2 ||     2
Armor: Robe              |     9 |       ||     9
       Leather armour    |     9 |    14 ||    23
Dodge: Dodged            |    35 |    26 ||    61
